 Dungeon Crawl Stone Soup version 0.26.0-16-gc1dbca0489 (webtiles) character file.

Game seed: 13790678580313219793

107 kaeus the Firebug (level 4, -1/27 HPs)
             Began as an Octopode Fire Elementalist on Jan 22, 2021.
             Slain by a worker ant (2 damage)
             ... on level 2 of the Dungeon.
             The game lasted 00:02:18 (2236 turns).

kaeus the Firebug (Octopode Fire Elementalist)      Turns: 2236, Time: 00:02:19

Health: -1/27      AC:  1    Str:  7    XL:     4   Next: 86%
Magic:  1/7        EV: 13    Int: 18    God:
Gold:   217        SH:  0    Dex: 12    Spells: 7/8 levels left

rFire    . . .     SeeInvis .   c - +0 hand axe
rCold    . . .     Faith    .   (no shield)
rNeg     . . .     Spirit   .   (helmet restricted)
rPois    .         Reflect  .   (no amulet)
rElec    .         Harm     .   (no ring)
rCorr    .         Rampage  .   (no ring)
Will     .....                  (no ring)
Stlth    +++.......             (no ring)
HPRegen  0.09/turn              (no ring)
MPRegen  0.10/turn              (no ring)
                                (no ring)
                                (no ring)

@: lethally poisoned (-1 -> -7)
A: almost no armour, stealthy swim, amphibious, 8 rings, constrict 8, camouflage
1, gelatinous body 1
a: no special abilities


You were on level 2 of the Dungeon.
You visited 1 branch of the dungeon, and saw 3 of its levels.

You collected 217 gold pieces.

Inventory:

Hand Weapons
 c - a +0 hand axe (weapon)
Scrolls
 f - 3 scrolls of identify {unknown}
Potions
 a - 2 potions of lignification {unknown}
 b - a potion of heal wounds {unknown}
 d - a potion of cancellation {unknown}
 e - 2 potions of curing {unknown}


   Skills:
 - Level 2.0 Dodging
 + Level 3.9 Stealth
 + Level 2.6 Spellcasting
 + Level 2.1 Conjurations
 * Level 4.1 Fire Magic


You had 7 spell levels left.
You knew the following spells:

 Your Spells              Type           Power        Failure   Level
a - Foxfire               Conj/Fire      52%          4%          1

Your spell library contained the following spells:

 Spells                   Type           Power        Failure   Level
 Conjure Flame            Conj/Fire      13%          14%         3
 Inner Flame              Hex/Fire       9%           22%         3
 Sticky Flame             Conj/Fire      13%          43%         4
 Fireball                 Conj/Fire      6%           78%         5


Dungeon Overview and Level Annotations

Branches:
Dungeon (3/15)

Altars:
Zin


Innate Abilities, Weirdness & Mutations

You cannot wear most types of armour.
You are very stealthy in the water. (Stealth+)
You are amphibious.
You can wear up to eight rings at the same time.
You can use your tentacles to constrict eight enemies at once.
Your skin changes colour to match your surroundings (Stealth+).
Your rubbery body absorbs attacks. (AC +1, EV +1)


Message History

You are too injured to fight recklessly!
You release your grip on the worker ant.
There is a stone staircase leading up here.
The worker ant bites you!
* * * LOW HITPOINT WARNING * * *
The worker ant closely misses you.
You climb upwards.
There is a stone staircase leading down here.
You take 7 damage, and have 4/27 hp.
MASSIVE DAMAGE!!
You hit the worker ant. You grab the worker ant.
The worker ant is severely wounded.
You constrict the worker ant, but do no damage.
The worker ant closely misses you.
You hit the worker ant but do no damage.
The worker ant is severely wounded.
You constrict the worker ant. The worker ant bites you.
* * * LOW HITPOINT WARNING * * *
You are lethally poisoned!
The worker ant poisons you! The worker ant bites you.
You die...

#####.###.#.############.# #.#
#.#.........[..#.########
##'###.########.###.#.........
#...##.########....)..)#######
#...##.#.....##.###.##.#######
#...##.#......................
##.#..........#.###.##.#######
#.#.#.#.####.#.###........###
#.#........#@................
#.#..#####..B#.#.#........###
#.#.##._.##..#.#.#........#
#....##'##..##.#.#.##########
#............#.#.#.# #...#..
#####.#.8.....8..#.#.#.# #...#.#
#.....)...8.8....#.#.#.####...#.#
#.###...#........#.#.#...........
#.########.......#.#.#.####...#.#


You could see a worker ant.

Vanquished Creatures
  A hound skeleton (D:2)
  4 adders (D:2)
  2 worms (D:2)
  2 dart slugs (D:1)
  3 leopard geckos
  4 orcs
  3 giant cockroaches
  8 goblins
  4 hobgoblins
  3 bats
  2 frilled lizards (D:2)
  3 kobolds (D:1)
  4 rats
43 creatures vanquished.

Vanquished Creatures (collateral kills)
  A foxfire (D:1)
1 creature vanquished.

Vanquished Creatures (others)
  152 foxfires
152 creatures vanquished.

Grand Total: 196 creatures vanquished

Notes
Turn   | Place    | Note
-------+----------+-------------------------------------------
     0 | D:1      | kaeus the Octopode Fire Elementalist began the quest for
                  | the Orb.
     0 | D:1      | Reached XP level 1. HP: 11/11 MP: 3/3
   226 | D:1      | Reached XP level 2. HP: 17/17 MP: 0/5
   809 | D:2      | Reached XP level 3. HP: 16/21 MP: 3/6
  1253 | D:2      | Reached XP level 4. HP: 27/27 MP: 2/7
  1400 | D:2      | Found a glowing silver altar of Zin.
  1570 | D:2      | Reached skill level 4 in Fire Magic
  2236 | D:2      | HP: 1/27 [worker ant (4)]
  2236 | D:2      | Slain by a worker ant

Illustrated notes

Levels and vault maps discovered:
D:1:      dpeg_arrival_pond, layout_basic, serial_bayou_pond_e
D:2:      layout_basic, zin_statuary, guppyfry_early_orc_mine
D:3:      layout_rooms, lemuel_coloured_pillars_altar,
          overflow_temple_1_default, serial_forest, infiniplex_forest_fountain,
          infiniplex_forest_lined_3, infiniplex_forest_clump_long,
          infiniplex_forest_lined_room_2, infiniplex_forest_lined_2,
          infiniplex_forest_clump_small, infiniplex_forest_lined_2,
          infiniplex_forest_straight_5, infiniplex_forest_end_2,
          infiniplex_forest_lined_room_3, chequers_serial_rivers_small_a

Skill      XL: |  1  2  3  4 |
---------------+-------------+-----
Stealth        | 3 |  3.9
Conjurations   | 2 |  2.1
Fire Magic     | 4 |  4.1
Dodging        | |  2.0
Spellcasting   | |  2.6

Action                   |  1- 3 |  4- 6 || total
-------------------------+-------+-------++-------
Melee: Unarmed           |     3 |       ||     3
       Constrict         |     9 |     6 ||    15
       Tentacles         |     4 |     1 ||     5
       Hand axe          |    20 |    15 ||    35
 Cast: Foxfire           |    58 |    47 ||   105
Armor: Skin              |     2 |     1 ||     3
Dodge: Dodged            |    18 |    14 ||    32
